 Dungeon Crawl Stone Soup version 0.30-a0-335-ge5acde7520 (webtiles) character file.

Game seed: 18171524181798399897

44 koil the Trooper (level 3, -11/40 HPs)
             Began as an Ogre Cinder Acolyte on Oct 31, 2022.
             Was a High Priest of Ignis.
             Mangled by Crazy Yiuf
             ... wielding a +2 quarterstaff of chaos
              (19 damage)
             ... on level 2 of the Dungeon.
             The game lasted 00:03:12 (1408 turns).

koil the Trooper (Ogre Cinder Acolyte)              Turns: 1408, Time: 00:03:14

Health: -11/40     AC:  3    Str: 18    XL:     3   Next: 62%
Magic:  0/5        EV:  9    Int: 17    God:    Ignis [*****.]
Gold:   91         SH:  0    Dex:  4    Spells: 3/5 levels left

rFire   + . .      SeeInvis .    a - -1 hand axe (flame)
rCold   . . .      Faith    .    (no shield)
rNeg    . . .      Spirit   .    b - +0 robe
rPois   .          Reflect  .    (helmet restricted)
rElec   .          Harm     .    (no cloak)
rCorr   .          Rampage  .    (gloves unavailable)
Will    .....                    (boots unavailable)
Stlth   +.........               (no amulet)
HPRegen 0.26/turn                (no ring)
MPRegen 0.09/turn                (no ring)

@: invisible
A: large, unfitting armour, tough skin 1
a: Renounce Religion, Fiery Armour, Foxfire Swarm, Rising Flame


You were on level 2 of the Dungeon.
You worshipped Ignis.
Ignis was extremely pleased with you.
You visited 1 branch of the dungeon, and saw 2 of its levels.

You collected 91 gold pieces.

Inventory:

Hand Weapons
 a - a -1 hand axe of flaming (weapon)
Armour
 b - a +0 robe (worn)
 h - a +0 robe
Magical Staves
 i - a staff of earth
Jewellery
 m - a ring of wizardry
Scrolls
 c - a scroll of acquirement {unknown}
 e - 2 scrolls of noise {unknown}
 f - a scroll of teleportation {unknown}
 j - 2 scrolls of identify {unknown}
 l - a scroll of fear {unknown}
 n - a scroll of brand weapon {unknown}
 o - a scroll of blinking {unknown}
 q - a scroll of poison {unknown}
 r - a scroll of amnesia {unknown}
Potions
 d - 2 potions of lignification {unknown}
 g - 3 potions of curing {unknown}
 k - a potion of magic {unknown}
 p - a potion of haste {unknown}


   Skills:
 + Level 4.4 Fighting
 + Level 3.2 Axes
 + Level 1.0 Dodging
 + Level 1.9 Spellcasting
 * Level 3.1 Fire Magic


You had 3 spell levels left.
You knew the following spells:

 Your Spells              Type           Power      Damage    Failure   Level
a - Scorch                Fire           24%        2d6       8%          2

Your spell library contained the following spells:

 Spells                   Type           Power      Damage    Failure   Level
 Animate Armour           Summ/Erth      2%         N/A       89%         4
 Blade Hands              Tmut           0%         N/A       99%         5
 Iron Shot                Conj/Erth      0%         9d1       100%        6


Dungeon Overview and Level Annotations

Branches:
Dungeon (2/15)

Altars:

Shops:
D:1 =

Annotations:
D:2 Crazy Yiuf


Innate Abilities, Weirdness & Mutations

You are too large for most types of armour.
You have tough skin. (AC +1)


Message History

You see here a +0 whip.
Found a hammer.
Found a runed translucent door.
Crazy Yiuf shouts!
You open the door.
Flames lash Crazy Yiuf.
Crazy Yiuf is lightly wounded.
Crazy Yiuf's fire resistance burns away.
Crazy Yiuf barely misses you.
Flames lash Crazy Yiuf.
Crazy Yiuf is lightly wounded.
Crazy Yiuf closely misses you.
You don't have enough magic to cast this spell.
You don't have enough magic to cast this spell.
Crazy Yiuf attacks as you move away! Crazy Yiuf barely misses you.
Crazy Yiuf is no longer more vulnerable to fire.
You see here a +0 whip.
Crazy Yiuf says, "Paint Hive verde!"
Crazy Yiuf attacks as you move away! Crazy Yiuf closely misses you.
Crazy Yiuf whimpers, "Defame sing broken!"
Crazy Yiuf attacks as you move away!
Crazy Yiuf hits you with a +2 quarterstaff of chaos!
Crazy Yiuf freezes you.
Flames lash Crazy Yiuf.
Crazy Yiuf is heavily wounded.
Crazy Yiuf's fire resistance burns away.
Crazy Yiuf barely misses you.
You closely miss Crazy Yiuf.
Crazy Yiuf is heavily wounded.
Crazy Yiuf hits you with a +2 quarterstaff of chaos.
You fade into invisibility!
You hit Crazy Yiuf. You burn Crazy Yiuf.
Crazy Yiuf is heavily wounded.
Crazy Yiuf hits you with a +2 quarterstaff of chaos!
You hit Crazy Yiuf. You burn Crazy Yiuf.
Crazy Yiuf is almost dead.
Crazy Yiuf is no longer more vulnerable to fire.
Crazy Yiuf hits you with a +2 quarterstaff of chaos!
* * * LOW HITPOINT WARNING * * *
You are electrocuted!!
You die...

#####
##...######
##...@.....#
#...g#####.#
#)...# #.#
♣)...♣ #.#
♣.).♣♣ #.#
♣♣.♣♣ #.#
♣.♣♣ #.#
♣♣.♣ #.#
♣.♣♣ #.#


You could see Crazy Yiuf (unable to see you).

Vanquished Creatures
  An adder (D:2)
  A dart slug (D:1)
  2 bats
  2 endoplasms
  6 goblins
  6 hobgoblins
  2 kobolds
  2 quokkas (D:2)
  2 ball pythons
  3 frilled lizards (D:1)
  4 rats
31 creatures vanquished.

Notes
Turn   | Place    | Note
-------+----------+-------------------------------------------
     0 | D:1      | koil the Ogre Cinder Acolyte began the quest for the Orb.
     0 | D:1      | Reached XP level 1. HP: 24/24 MP: 2/2
   154 | D:1      | Found Gubyg's Jewellery Shoppe.
   182 | D:1      | Reached XP level 2. HP: 31/32 MP: 4/4
   185 | D:1      | Learned a level 2 spell: Scorch
   930 | D:2      | Reached XP level 3. HP: 35/39 MP: 0/5
  1321 | D:2      | Reached skill level 1 in Dodging
  1389 | D:2      | Found a runed translucent door.
  1390 | D:2      | Noticed Crazy Yiuf
  1408 | D:2      | Mangled by Crazy Yiuf

Illustrated notes

Levels and vault maps discovered:
D:1:      ncdulo_smallfort, layout_basic, serial_shops,
          nicolae_shop_temple_entry_statues_fountains, minivault_24,
          minmay_misc_feat_more_columns
D:2:      layout_rooms, grunt_ministairs_6, amcnicky_mini_corridor_feature,
          uniq_crazy_yiuf_cottage

Skill      XL: |  1  2  3 |
---------------+----------+-----
Fire Magic     | 3 |  3.1
Dodging        | 1 |  1.0
Fighting       | |  4.4
Axes           | |  3.2
Spellcasting   | |  1.9

Action                   || total
-------------------------++-------
Melee: Hand axe          ||    91
 Cast: Scorch            ||    13
Armor: Robe              ||    39
Dodge: Dodged            ||    43

Table legend: (Time is in decaauts)
 A = Elapsed time spent in this place.
 B = Non-inter-level travel time spent in this place.
 C = Inter-level travel time spent in this place.
 D = Time resting spent in this place.
 E = Time spent auto-exploring this place.
 F = Levels seen in this place.
 G = Mean time per level.
                   A        B        C        D        E       F      G
               +--------+--------+--------+--------+--------+-----+--------+
         Total |   1421 |   1395 |     26 |    129 |   1008 |   2 |  710.5 |
       Dungeon |   1421 |   1395 |     26 |    129 |   1008 |   2 |  710.5 |
               +--------+--------+--------+--------+--------+-----+--------+

Top non-repeatable levels by time:
     D:1: 928 daAuts
     D:2: 492 daAuts
